 Dungeon Crawl Stone Soup version 0.25.1-2-g60ff931df9 (webtiles) character file.

Game seed: 5724349896799860443

1666 Acheron the Gusty (level 9, -1/49 HPs)
             Began as a Tengu Air Elementalist on Sept 4, 2020.
             Was a Follower of Okawaru.
             Slain by an unseen horror (3 damage)
             ... on level 7 of the Dungeon.
             The game lasted 00:38:06 (7763 turns).

Acheron the Gusty (Tengu Air Elementalist)          Turns: 7763, Time: 00:38:07

Health: -1/49      AC:  8    Str: 10    XL:     9   Next: 1%
Magic:  15/15      EV: 16    Int: 17    God:    Okawaru [*.....]
Gold:   457        SH:  0    Dex: 15    Spells: 4/15 levels left

rFire    . . .     SeeInvis .   w - +2 war axe
rCold    + . .     Gourm    .   (no shield)
rNeg     . . .     Faith    .   D - +3 leather armour of Crawling {rC+}
rPois    .         Spirit   .   (helmet restricted)
rElec    .         Reflect  .   (no cloak)
rCorr    .         Harm     .   v - +1 pair of gloves
MR       .....                  (boots unavailable)
Stlth    ++........             (no amulet)
HPRegen  0.16/turn              (no ring)
MPRegen  0.14/turn              (no ring)

@: flying quickly and evasively, very slightly contaminated, invisible, quick
A: beak, talons 3, able to fly
a: Stop Flying, Heroism, Renounce Religion


You were on level 7 of the Dungeon.
You worshipped Okawaru.
Okawaru was aware of your devotion.
You were hungry.

You visited 1 branch of the dungeon, and saw 9 of its levels.

You collected 457 gold pieces.

Inventory:

Hand Weapons
 k - a +1 dagger of draining
 n - a +0 hunting sling
 w - a +2 war axe (weapon)
Missiles
 a - a throwing net
 e - 240 stones (quivered)
 h - 19 poisoned darts
 y - 43 sling bullets
Armour
 v - a +1 pair of gloves (worn)
 D - the +3 leather armour of Crawling (worn) {rC+}
   (You found it on level 5 of the Dungeon)

   It protects you from cold.
Jewellery
 i - an uncursed amulet of guardian spirit
 t - an uncursed ring of resist corrosion {unknown}
 x - an uncursed ring of protection from fire {unknown}
 G - a +6 ring of intelligence {unknown}
Scrolls
 p - 2 scrolls of fog
 u - a scroll of enchant armour
 B - a scroll of amnesia
 E - a scroll of magic mapping
Potions
 b - 2 potions of magic
 g - 2 potions of haste {unknown}
 j - a potion of resistance {unknown}
 l - 2 potions of stabbing {unknown}
 r - 3 potions of curing
 s - a potion of flight
 C - a potion of lignification {unknown}
Comestibles
 c - 18 rations
 f - a chunk of flesh


   Skills:
 * Level 2.8 Fighting
 * Level 4.1 Short Blades
 * Level 3.5 Axes
 * Level 1.8 Throwing
 * Level 3.7 Armour
 * Level 4.1 Dodging
 * Level 3.9 Stealth
 * Level 3.6 Spellcasting
 * Level 4.3 Conjurations
 * Level 6.6 Air Magic
 * Level 1.9 Invocations


You had 4 spell levels left.
You knew the following spells:

 Your Spells              Type           Power        Failure   Level  Hunger
a - Shock                 Conj/Air       ###.         2%          1    None
b - Static Discharge      Conj/Air       ###.....     7%          3    ###....
c - Airstrike             Air            ####......   14%         4    ####...
d - Magic Dart            Conj           ###.         3%          1    None
e - Searing Ray           Conj           ###...       5%          2    ##.....

Your spell library contained the following spells:

 Spells                   Type           Power        Failure   Level  Hunger
 Swiftness                Chrm/Air       ##......     9%          2    ##.....
 Freeze                   Ice            #...         22%         1    None
 Dazzling Flash           Conj/Hex       ##....       26%         3    ###....
 Frozen Ramparts          Ice            #.....       54%         3    ###....
 Ozocubu's Armour         Chrm/Ice       #.......     54%         3    ###....
 Fulminant Prism          Conj/Hex       ##........   65%         4    ####...
 Hailstorm                Conj/Ice       ##......     65%         4    ####...
 Iskenderun's Mystic Bla  Conj/Tloc      ##......     65%         4    ####...
 Summon Ice Beast         Ice/Summ       #.......     91%         4    ####...
 Lightning Bolt           Conj/Air       ###.......   54%         5    ######.


Dungeon Overview and Level Annotations

Branches:
Dungeon (9/15)
 Temple: D:4-7         Lair: D:8-11         Orc: D:9-12

Altars:
Cheibriados
Fedhas
Gozag
Hepliaklqana
Nemelex Xobeh
Okawaru
Trog
Vehumet
Xom
Yredelemnul
Zin
Beogh

Shops:
D:6 *   D:8 [

Annotations:
D:2 exclusion: downstairs
D:3 Sigmund
D:8 3 runed translucent doors, exclusion: upstairs, Elkerch's ghost, novice CeAM


Innate Abilities, Weirdness & Mutations

You have a beak for a mouth.
You have claws for feet.
You can fly continuously.


Message History

Something hits you.
* * * LOW HITPOINT WARNING * * *
Something completely misses you.
The sky beast flickers out of sight!
Something hits you.
* * * LOW HITPOINT WARNING * * *
Something closely misses you.
You feel better. Something hits you.
* * * LOW HITPOINT WARNING * * *
Something barely misses you.
You closely miss something.
The orc shouts!
Your kick misses something. Something hits you but does no damage.
Something barely misses you. Something hits you.
* * * LOW HITPOINT WARNING * * *
The centaur shoots an arrow.
The arrow misses you. Something closely misses you.
The centaur shoots an arrow.
Found 15 gold pieces.
Something hits you.
You die...

.........#.# ..
.####......# ###....##
.. ##....###..# ..#
##.......# #...
##...#..(## .##
....###..####..#####..#
..#.....## #....#...#.
.#..#...## #..@.......
##.##..{.# #.........#
....#....## #..........
.####..#..##
#......#.$.
....#.(##..###c...###
.# ......(.#...#.....#
# .#o....###..o.....#
..#o...o..........#
##Z..F#.....#####..#


You could see a centaur and an orc priest.

Vanquished Creatures
  A hungry ghost (D:8)
  Menkaure (D:4)
  An ice beast (D:8)
  An ogre (D:8)
  A phantom (D:7)
  A centaur (D:5)
  Blork the orc (D:4)
  A bullfrog (D:3)
  A scorpion (D:5)
  3 howler monkeys
  A crimson imp (D:6)
  2 bullfrog zombies
  A centaur zombie (D:5)
  2 hounds
  An orc priest (D:8)
  2 iguanas
  5 worker ants
  6 orc wizards
  A hound skeleton (D:4)
  8 adders
  A shadow imp (D:6)
  An ooze (D:1)
  An adder zombie (D:5)
  5 worms
  3 dart slugs
  5 leopard geckos
  8 orcs
  A ball python (D:3)
  6 bats (D:2)
  6 giant cockroaches
  6 goblins
  5 hobgoblins
  4 jackals (D:3)
  4 kobolds
  3 quokkas
  3 frilled lizards
  A quokka zombie (D:5)
  11 rats
115 creatures vanquished.

Notes
Turn   | Place    | Note
-------+----------+-------------------------------------------
     0 | D:1      | Acheron the Tengu Air Elementalist began the quest for the
                  | Orb.
     0 | D:1      | Reached XP level 1. HP: 10/10 MP: 4/4
   321 | D:1      | Reached XP level 2. HP: 15/15 MP: 1/6
   876 | D:1      | Reached XP level 3. HP: 19/19 MP: 7/7
   883 | D:2      | Found a bloodstained altar of Trog.
  1252 | D:2      | Reached skill level 5 in Air Magic
  1376 | D:2      | Reached XP level 4. HP: 22/24 MP: 8/8
  1410 | D:1      | Reached skill level 1 in Armour
  2584 | D:3      | Noticed Sigmund
  2678 | D:3      | Gained mutation: You can fly continuously. [Tengu growth]
  2678 | D:3      | Reached XP level 5. HP: 27/28 MP: 9/9
  2698 | D:3      | Reached skill level 1 in Short Blades
  3167 | D:4      | Reached XP level 6. HP: 33/33 MP: 8/11
  3232 | D:4      | Noticed Menkaure
  3244 | D:5      | Entered Level 5 of the Dungeon
  3324 | D:5      | Learned a level 3 spell: Static Discharge
  3329 | D:5      | Learned a level 4 spell: Airstrike
  3350 | D:5      | Learned a level 1 spell: Magic Dart
  3383 | D:5      | Found an iron altar of Okawaru.
  3391 | D:5      | Became a worshipper of Warmaster Okawaru
  3474 | D:6      | Reached skill level 1 in Fighting
  3833 | D:5      | Found a glowing silver altar of Zin.
  3833 | D:5      | Noticed an angel
  3835 | D:5      | Found a shimmering altar of Xom.
  3876 | D:5      | Found a hazy altar of Hepliaklqana.
  3918 | D:5      | Reached XP level 7. HP: 30/38 MP: 12/12
  4087 | D:5      | Found a hazy altar of Hepliaklqana.
  4130 | D:6      | Found Gozag's Platinum Reserve.
  4144 | D:6      | Found a basalt altar of Yredelemnul.
  4183 | D:6      | Found a blossoming altar of Fedhas.
  4386 | D:6      | Found an opulent altar of Gozag.
  5050 | D:5      | Reached skill level 6 in Air Magic
  5061 | D:5      | Found a radiant altar of Vehumet.
  5073 | D:5      | HP: 1/39 [centaur (5)]
  5078 | D:5      | Reached skill level 1 in Invocations
  5095 | D:5      | Got a bloodstained leather armour
  5277 | D:5      | Found a basalt altar of Yredelemnul.
  5280 | D:5      | Identified the +3 leather armour of Crawling {rC+} (You
                  | found it on level 5 of the Dungeon)
  5605 | D:4      | Reached * piety under Okawaru
  5788 | D:4      | Killed Menkaure
  5788 | D:4      | Reached XP level 8. HP: 31/44 MP: 10/13
  5793 | D:4      | Reached skill level 1 in Axes
  5902 | D:4      | Found a snail-covered altar of Cheibriados.
  5902 | D:4      | Noticed Blork the orc
  5916 | D:4      | Killed Blork the orc
  6012 | D:4      | Reached skill level 1 in Throwing
  6414 | D:6      | Found a sparkling altar of Nemelex Xobeh.
  7111 | D:8      | Learned a level 2 spell: Searing Ray
  7245 | D:8      | Found a runed translucent gate.
  7248 | D:8      | Found a runed translucent gate.
  7248 | D:8      | Identified the +11 great sword "Pyuwij" {freeze, *Drain
                  | rElec Dex+5}
  7249 | D:8      | Found a runed translucent gate.
  7249 | D:8      | Noticed Elkerch's ghost (novice CeAM)
  7256 | D:8      | Found a roughly hewn altar of Beogh.
  7337 | D:8      | Found Memiy's Armour Boutique.
  7385 | D:7      | Reached ** piety under Okawaru
  7649 | D:7      | Reached XP level 9. HP: 46/49 MP: 15/15
  7756 | D:7      | HP: 1/49 [something (4)]
  7761 | D:7      | HP: 2/49 [something (3)]
  7763 | D:7      | Slain by an unseen horror

Illustrated notes

Levels and vault maps discovered:
D:1:      dpeg_arrival_brainrot, layout_basic, chequers_jeans
D:2:      minmay_razor_zed, layout_rooms, bloody_trog, st_stairs_12,
          serial_bayou_ford_a
D:3:      layout_basic, cheibrodos_sewer_entry_bend,
          chequers_ecumenical_altar_simple, first_ration,
          minmay_misc_feat_doors, uniq_grinder, uniq_sigmund
D:4:      layout_gridville, lemuel_crystal_altar, uniq_menkaure,
          uniq_blork_the_orc
D:5:      layout_loops_ring, grunt_temple_overflow_order_and_chaos_1,
          nicolae_overflow_crystal_walls, okawaru_ov_weapons_minmay,
          grunt_temple_overflow_open, basic_altar
D:6:      layout_layer_cave, nemelex_xobeh_ov_fountains_minmay,
          lemuel_round_altar, nicolae_gozag_zags_fifth_avenue,
          nicolae_benzene_ring, yredelemnul_altar_generic
D:7:      layout_layer_cave, temple_green, basic_altar
D:8:      lemuel_ice_spiral_2, layout_basic, serial_shops, shop_statue,
          biasface_ghost_orc_armoury, grunt_ogre_cave
D:9:      layout_basic, dancing_weapons_uskayaw, erik_lair_island

Skill      XL: |  1  2  3  4  5  6  7  8 |
---------------+-------------------------+-----
Air Magic      | 5 6 |  6.6
Armour         | 1 2 3 |  3.7
Conjurations   | 2 3 4 |  4.3
Short Blades   | 1 2 3 4 |  4.1
Dodging        | 3 4 |  4.1
Fighting       | 1 2 |  2.8
Stealth        | 3 |  3.9
Spellcasting   | 3 |  3.6
Invocations    | 1 |  1.9
Axes           | 3 |  3.5
Throwing       | 1 |  1.8

Action                   |  1- 3 |  4- 6 |  7- 9 || total
-------------------------+-------+-------+-------++-------
Melee: Unarmed           |     4 |       |       ||     4
       Peck              |     8 |    26 |    21 ||    55
       Kick              |    11 |    36 |    41 ||    88
       Dagger            |    20 |       |       ||    20
       Short sword       |    32 |   140 |    46 ||   218
       War axe           |       |       |   124 ||   124
       Punch             |       |       |     2 ||     2
 Cast: Shock             |    30 |    15 |    34 ||    79
       Magic Dart        |       |       |     1 ||     1
Invok: Heroism           |       |       |     7 ||     7
 Abil: Fly               |       |     1 |       ||     1
  Use: Scroll            |       |     7 |    15 ||    22
       Potion            |       |       |     6 ||     6
 Stab: Sleeping          |     1 |     2 |     1 ||     4
  Eat: Chunk             |     1 |     9 |     9 ||    19
       Ration            |       |       |     1 ||     1
Armor: Leather armour    |    12 |    31 |    62 ||   105
       Robe              |     1 |       |       ||     1
Dodge: Dodged            |    36 |    96 |   166 ||   298
